[Event "17th Spilimbergo Open 2019"]
[Site "Spilimbergo"]
[Date "2019.08.14"]
[Round "8.9"]
[White "Basso, Pier Luigi"]
[Black "Rogulj, Branko"]
[Result "1-0"]
[WhiteElo "2576"]
[BlackElo "2410"]
[PlyCount "139"]
[EventDate "2019.08.09"]
[EventType "swiss"]
[EventCountry "ITA"]
[TimeControl "5400+30"]
[WhiteClock "0:05:59"]
[BlackClock "0:04:20"]

1. d4 Nf6 2. c4 c5 3. d5 e6 4. Nc3 exd5 5. cxd5 d6 6. e4 g6 7. Bd3 Bg7 8. h3 O-O 9. Nf3 b5 10. Nxb5 Re8 11. Nd2 Nxd5 12. Nc4 Bf8 13. O-O Nc7 14. Bg5 Qd7 15. Nxc7 Qxc7 16. Ne3 Bb7 17. Bb5 Nd7 18. Qg4 Bc6 19. Nd5 Bxd5 20. exd5 Ne5 21. Qe2 Nd7 22. Qg4 Ne5 23. Qa4 Reb8 24. f4 a6 25. Be2 Rb4 26. Qc2 Nd7 27. b3 a5 28. Rae1 a4 29. Bc4 Nb6 30. f5 Nxc4 31. bxc4 Qd7 32. fxg6 hxg6 33. Bf6 Re8 34. Qc3 Rxe1 35. Rxe1 Qf5 36. Qf3 Qxf3 37. gxf3 Bg7 38. Re8+ Kh7 39. Be7 Rxc4 40. Bxd6 Rd4 41. Bxc5 Rxd5 42. Bb4 Bd4+ 43. Kf1 Bc5 44. Bc3 Bd4 45. Be1 a3 46. Rf8 Kg7 47. Ra8 Bb2 48. Bb4 Rh5 49. Kg2 Rg5+ 50. Kf2 Rh5 51. Kg3 Rg5+ 52. Kf4 Rh5 53. Kg4 Rd5 54. Bf8+ Kh7 55. Bxa3 Be5 56. f4 f5+ 57. Kf3 Bg7 58. Ra7 Kh6 59. Be7 g5 60. Bxg5+ Kg6 61. h4 Bf8 62. a4 Rd3+ 63. Ke2 Ra3 64. Kd2 Kh5 65. Kc2 Kg4 66. Kb2 Re3 67. Rf7 Ba3+ 68. Kc2 Bd6 69. h5 Ra3 70. h6 1-0

[Event "17th Spilimbergo Open 2019"]
[Site "Spilimbergo"]
[Date "2019.08.14"]
[Round "8.10"]
[White "Admiraal, Miguoel"]
[Black "Skembris, Spyridon"]
[Result "1-0"]
[WhiteElo "2513"]
[BlackElo "2413"]
[PlyCount "59"]
[EventDate "2019.08.09"]
[EventType "swiss"]
[EventCountry "ITA"]
[TimeControl "5400+30"]
[BlackClock "0:14:36"]

1. e4 e6 2. d4 d5 3. Bd3 dxe4 4. Bxe4 Nf6 5. Bf3 c5 6. Ne2 Nc6 7. Be3 cxd4 8. Nxd4 Ne5 9. Be2 Nd5 10. Bc1 Bc5 11. O-O O-O 12. Nb3 Bb6 13. c4 Nb4 14. c5 Bc7 15. Nc3 Nbd3 16. Nb5 Nxc1 17. Qxc1 Bb8 18. Rd1 Qe7 19. Nd6 Rd8 20. Qe3 Nc6 21. Nf5 Qc7 22. Rxd8+ Nxd8 23. g3 Kf8 24. Nd6 Bd7 25. Rd1 Ba4 26. Qd3 Ke7 27. Qxh7 Bxb3 28. Qh4+ Kf8 29. Nf5 Bxd1 30. Qh8# 1-0

[Event "17th Spilimbergo Open 2019"]
[Site "Spilimbergo"]
[Date "2019.08.14"]
[Round "8.11"]
[White "Nikolovski, Nikola"]
[Black "Keymer, Vincent"]
[Result "1-0"]
[WhiteElo "2409"]
[BlackElo "2513"]
[PlyCount "91"]
[EventDate "2019.08.09"]
[EventType "swiss"]
[EventCountry "ITA"]
[TimeControl "5400+30"]
[WhiteClock "0:01:29"]
[BlackClock "0:01:52"]

1. e4 c5 2. Be2 e6 3. f4 d5 4. d3 Nc6 5. Nf3 g6 6. O-O Bg7 7. c3 Nge7 8. Na3 O-O 9. Nc2 b6 10. Be3 e5 11. Qe1 d4 12. cxd4 exd4 13. Bd2 f5 14. e5 a5 15. h4 Ba6 16. b3 Qe8 17. h5 gxh5 18. Qh4 Nd5 19. Ng5 h6 20. Nh3 Ncb4 21. Nxb4 axb4 22. Bxh5 Qe7 23. Qg3 Bc8 24. Bg6 Qe6 25. Nf2 Bd7 26. Bh5 Ra7 27. Qf3 Bc6 28. Qh3 Be8 29. Bf3 Bd7 30. Kh1 Ne7 31. Rg1 Bc6 32. Ne4 Nc8 33. Ng3 Ne7 34. Nh5 Kh7 35. Be1 Bh8 36. Bh4 Bxf3 37. gxf3 Nd5 38. Bg5 Bg7 39. Rg2 Rg8 40. Rh2 Qg6 41. Rg1 Bf8 42. Rgg2 Ne3 43. Nf6+ Kg7 44. Bxh6+ Kf7 45. Rxg6 Rxg6 46. Bxf8 1-0

[Event "17th Spilimbergo Open 2019"]
[Site "Spilimbergo"]
[Date "2019.08.14"]
[Round "8.12"]
[White "Yankelevich, Lev"]
[Black "Di Benedetto, Edoardo"]
[Result "1/2-1/2"]
[WhiteElo "2480"]
[BlackElo "2399"]
[PlyCount "79"]
[EventDate "2019.08.09"]
[EventType "swiss"]
[EventCountry "ITA"]
[TimeControl "5400+30"]
[WhiteClock "0:20:00"]
[BlackClock "1:00:00"]

1. d4 d5 2. c4 e6 3. Nc3 Be7 4. Nf3 Nf6 5. Bf4 O-O 6. e3 b6 7. Bd3 dxc4 8. Bxc4 Ba6 9. Qe2 Qc8 10. O-O Bxc4 11. Qxc4 c5 12. Nb5 Nd5 13. dxc5 Qxc5 14. Rac1 Nxf4 15. exf4 Qxc4 16. Rxc4 a6 17. Nbd4 b5 18. Rc2 Ra7 19. Ne5 Bf6 20. Ndf3 Bxe5 21. Nxe5 f6 22. Nf3 Rd7 23. Rfc1 Rfd8 24. Kf1 Kf7 25. Ke2 Ke7 26. Rc8 Rxc8 27. Rxc8 Rd8 28. Rc7+ Rd7 29. Rc3 Rd6 30. Nd2 Rc6 31. Kd3 Rxc3+ 32. Kxc3 Kd6 33. b4 Kd5 34. f3 Nc6 35. Nf1 Kd6 36. a3 f5 37. Ne3 Ne7 38. Kd4 Nc6+ 39. Kd3 g6 40. Nc2 1/2-1/2

[Event "17th Spilimbergo Open 2019"]
[Site "Spilimbergo"]
[Date "2019.08.15"]
[Round "9.1"]
[White "Vetoshko, Volodymyr"]
[Black "Saric, Ivan"]
[Result "1/2-1/2"]
[WhiteElo "2495"]
[BlackElo "2660"]
[PlyCount "59"]
[EventDate "2019.08.09"]
[EventType "swiss"]
[EventCountry "ITA"]
[TimeControl "5400+30"]
[WhiteClock "0:34:00"]
[BlackClock "0:16:49"]

1. d4 Nf6 2. c4 e6 3. g3 Bb4+ 4. Bd2 Be7 5. Bg2 d5 6. Nf3 O-O 7. O-O c6 8. Qc2 Nbd7 9. Rd1 Ne4 10. Bc1 a5 11. Nbd2 f5 12. Ne1 Nb6 13. Nxe4 fxe4 14. b3 Bd7 15. c5 Nc8 16. f3 exf3 17. Nxf3 Bf6 18. Bf4 Ne7 19. Bd6 Rf7 20. e4 dxe4 21. Qxe4 b6 22. Ne5 Bxe5 23. Qxe5 bxc5 24. dxc5 Nd5 25. Rf1 Rf6 26. Bh3 Qe8 27. Rae1 Qf7 28. Bg4 a4 29. Bh5 g6 30. Bg4 1/2-1/2

[Event "17th Spilimbergo Open 2019"]
[Site "Spilimbergo"]
[Date "2019.08.15"]
[Round "9.2"]
[White "Kovalev, Vladislav"]
[Black "Nagy, Gabor"]
[Result "1/2-1/2"]
[WhiteElo "2651"]
[BlackElo "2473"]
[PlyCount "72"]
[EventDate "2019.08.09"]
[EventType "swiss"]
[EventCountry "ITA"]
[TimeControl "5400+30"]
[WhiteClock "0:48:00"]
[BlackClock "0:12:22"]

1. e4 c5 2. Nf3 e6 3. Nc3 Nc6 4. d4 cxd4 5. Nxd4 Qc7 6. g3 a6 7. Bg2 d6 8. O-O Bd7 9. Re1 Be7 10. Nxc6 Bxc6 11. Qg4 h5 12. Qe2 h4 13. a4 hxg3 14. hxg3 Nf6 15. Bf4 e5 16. Be3 Rc8 17. Rad1 g6 18. Bg5 Kf8 19. Bf3 Kg7 20. Bxf6+ Bxf6 21. Bg4 Rcd8 22. Nd5 Bxd5 23. Rxd5 Rh6 24. a5 Rdh8 25. Bf3 Be7 26. Qd3 b5 27. axb6 Qxb6 28. Qb3 Qxb3 29. cxb3 Rc8 30. Be2 Rc2 31. Bxa6 Rxb2 32. Bc4 f5 33. Rdd1 Rh8 34. Rb1 Rxb1 35. Rxb1 Rb8 36. Bd5 Rb4 1/2-1/2

[Event "17th Spilimbergo Open 2019"]
[Site "Spilimbergo"]
[Date "2019.08.15"]
[Round "9.3"]
[White "Dragnev, Valentin"]
[Black "Henderson de La Fuente, Lance"]
[Result "1-0"]
[WhiteElo "2535"]
[BlackElo "2487"]
[PlyCount "127"]
[EventDate "2019.08.09"]
[EventType "swiss"]
[EventCountry "ITA"]
[TimeControl "5400+30"]
[BlackClock "0:03:49"]

1. d4 Nf6 2. c4 e6 3. Nf3 b6 4. g3 Bb7 5. Bg2 Be7 6. O-O O-O 7. Nc3 Ne4 8. Bd2 Bf6 9. Rc1 c5 10. d5 exd5 11. cxd5 Nxd2 12. Nxd2 d6 13. Nde4 Be7 14. f4 a6 15. a4 Nd7 16. g4 Rb8 17. g5 Bc8 18. Kh1 b5 19. axb5 axb5 20. h4 b4 21. Nb1 Re8 22. Nbd2 Nb6 23. Ng3 f6 24. Nf3 Bf8 25. Qd2 Rb7 26. e4 Rf7 27. Rg1 g6 28. f5 Bg7 29. Bh3 Rff8 30. Qh2 fxg5 31. hxg5 Be5 32. Nxe5 Rxe5 33. Rcf1 Qe8 34. fxg6 hxg6 35. Bxc8 Nxc8 36. Qh4 Re7 37. Kg2 Rh7 38. Rxf8+ Qxf8 39. Qg4 Rf7 40. Qe6 Kg7 41. Nf5+ Rxf5 42. exf5 Qxf5 43. Qxf5 gxf5 44. Re1 Kg6 45. Re8 Nb6 46. Re6+ Kxg5 47. Rxd6 Nc4 48. Re6 f4 49. d6 Nb6 50. Re5+ Kf6 51. Rxc5 Ke6 52. Rb5 Nc4 53. Rxb4 Nxd6 54. Kf3 Kd5 55. Rxf4 Nc4 56. b4 Nb6 57. Ke3 Kc6 58. Kd3 Kb5 59. Rd4 Ka4 60. Kc3 Kb5 61. Kb3 Kc6 62. Rh4 Kb5 63. Rh5+ Ka6 64. Rg5 1-0

[Event "17th Spilimbergo Open 2019"]
[Site "Spilimbergo"]
[Date "2019.08.15"]
[Round "9.4"]
[White "Nisipeanu, Liviu-Dieter"]
[Black "Bosiocic, Marin"]
[Result "1/2-1/2"]
[WhiteElo "2666"]
[BlackElo "2611"]
[PlyCount "54"]
[EventDate "2019.08.09"]
[EventType "swiss"]
[EventCountry "ITA"]
[TimeControl "5400+30"]
[WhiteClock "0:24:00"]
[BlackClock "0:28:00"]

1. e4 e5 2. Nf3 Nc6 3. Bb5 a6 4. Ba4 Nf6 5. O-O Be7 6. Re1 b5 7. Bb3 d6 8. c3 O-O 9. h3 Bb7 10. d4 Re8 11. Nbd2 Bf8 12. d5 Nb8 13. Nf1 Nbd7 14. Bg5 h6 15. Bh4 Qb8 16. N3h2 h5 17. g4 hxg4 18. Nxg4 Nxg4 19. Qxg4 Be7 20. Bxe7 Rxe7 21. Ne3 Nf6 22. Qh4 Re8 23. Kh2 Qd8 24. Rg1 Bc8 25. Bc2 Kf8 26. Rg3 Ke7 27. Qg5 Rh8 1/2-1/2

[Event "17th Spilimbergo Open 2019"]
[Site "Spilimbergo"]
[Date "2019.08.15"]
[Round "9.5"]
[White "Barp, Alberto"]
[Black "Basso, Pier Luigi"]
[Result "0-1"]
[WhiteElo "2411"]
[BlackElo "2576"]
[PlyCount "56"]
[EventDate "2019.08.09"]
[EventType "swiss"]
[EventCountry "ITA"]
[TimeControl "5400+30"]
[WhiteClock "0:43:00"]
[BlackClock "0:15:14"]

1. d4 Nf6 2. c4 e6 3. Nf3 c5 4. g3 cxd4 5. Nxd4 Qc7 6. Bg2 Qxc4 7. Nc3 a6 8. O-O Nc6 9. Nb3 Qg4 10. h3 Qg6 11. Na4 b5 12. Nb6 Rb8 13. Nxc8 Rxc8 14. Be3 Be7 15. Nc5 O-O 16. Nxa6 Na5 17. Bc5 Rxc5 18. b4 Rc6 19. Bxc6 Nxc6 20. a4 Qh5 21. Kg2 bxa4 22. Qxa4 Nd5 23. b5 Nc3 24. Qc4 Nxb5 25. Rad1 Nd6 26. Qg4 Qb5 27. Ra1 Bf6 28. Ra2 Qd5+ 0-1

[Event "17th Spilimbergo Open 2019"]
[Site "Spilimbergo"]
[Date "2019.08.15"]
[Round "9.6"]
[White "Palac, Mladen"]
[Black "Ravi, Teja S."]
[Result "0-1"]
[WhiteElo "2551"]
[BlackElo "2420"]
[PlyCount "128"]
[EventDate "2019.08.09"]
[EventType "swiss"]
[EventCountry "ITA"]
[TimeControl "5400+30"]
[WhiteClock "0:08:57"]
[BlackClock "0:04:27"]

1. e4 c6 2. d4 d5 3. e5 Bf5 4. Nf3 e6 5. c3 Nd7 6. Be2 h6 7. Nbd2 Ne7 8. O-O Qc7 9. Re1 c5 10. dxc5 Nxc5 11. Nd4 a6 12. N2b3 Nd7 13. Nxf5 Nxf5 14. Bd3 g6 15. Bxf5 gxf5 16. Nd4 Rg8 17. Bf4 Nc5 18. b4 Ne4 19. Qa4+ Qd7 20. Qb3 Rc8 21. Rac1 Rc4 22. f3 Ng5 23. Kh1 Be7 24. Qd1 h5 25. Qd2 h4 26. h3 Nh7 27. Be3 Nf8 28. Nb3 Ng6 29. Na5 Rc8 30. Bd4 Nf4 31. Rg1 Nh5 32. Be3 Qb5 33. Rge1 Rc7 34. Ra1 Qa4 35. Nb3 Rc4 36. Na5 Rc7 37. Rec1 Kf8 38. Bh6+ Ke8 39. Be3 Qb5 40. Re1 Qa4 41. Nb3 Rc4 42. Na5 Rc7 43. Rec1 Kf8 44. Bh6+ Ke8 45. Be3 Kf8 46. Nb3 Rc4 47. Nc5 Ng3+ 48. Kh2 Qc6 49. Nd3 Qc7 50. Bc5 Bxc5 51. bxc5 Kg7 52. Rab1 Kh7 53. Rb4 f6 54. Re1 fxe5 55. Nxe5 Rxb4 56. cxb4 Qxe5 57. Rxe5 Nf1+ 58. Kg1 Nxd2 59. Rxe6 Nxf3+ 60. Kf2 Nd4 61. Rd6 Nc6 62. Rxd5 Nxb4 63. Rxf5 Kg6 64. Rf3 Rd8 0-1

[Event "17th Spilimbergo Open 2019"]
[Site "Spilimbergo"]
[Date "2019.08.15"]
[Round "9.7"]
[White "Lodici, Lorenzo"]
[Black "Admiraal, Miguoel"]
[Result "1/2-1/2"]
[WhiteElo "2472"]
[BlackElo "2513"]
[PlyCount "57"]
[EventDate "2019.08.09"]
[EventType "swiss"]
[EventCountry "ITA"]
[TimeControl "5400+30"]
[WhiteClock "0:07:49"]
[BlackClock "0:25:00"]

1. d4 d5 2. c4 c6 3. Nc3 Nf6 4. Nf3 dxc4 5. e4 b5 6. Be2 Bg4 7. e5 Nd5 8. h3 Bxf3 9. Bxf3 e6 10. a4 Bb4 11. Bd2 a5 12. Bxd5 Bxc3 13. bxc3 Qxd5 14. Qg4 Kf8 15. Qh4 Nd7 16. axb5 cxb5 17. Rxa5 Qxg2 18. Rxa8+ Qxa8 19. Ke2 Kg8 20. Rg1 Nf8 21. Rxg7+ Kxg7 22. Bh6+ Kg8 23. Qg5+ Ng6 24. f3 f5 25. Qf6 Qa2+ 26. Kf1 Qb1+ 27. Kf2 Qc2+ 28. Kf1 Qd1+ 29. Kf2 1/2-1/2

[Event "17th Spilimbergo Open 2019"]
[Site "Spilimbergo"]
[Date "2019.08.15"]
[Round "9.8"]
[White "Sonis, Francesco"]
[Black "Miron, Lucian-Costin"]
[Result "1-0"]
[WhiteElo "2459"]
[BlackElo "2494"]
[PlyCount "57"]
[EventDate "2019.08.09"]
[EventType "swiss"]
[EventCountry "ITA"]
[TimeControl "5400+30"]
[WhiteClock "0:06:46"]
[BlackClock "1:07:00"]

1. d4 d5 2. c4 c6 3. Nf3 Nf6 4. e3 Bf5 5. Nc3 e6 6. Nh4 Be4 7. f3 Bg6 8. Qb3 Qc7 9. Bd2 Be7 10. O-O-O a6 11. Nxg6 hxg6 12. Kb1 dxc4 13. Bxc4 Nbd7 14. Ne4 Nxe4 15. fxe4 b5 16. Be2 c5 17. e5 Rc8 18. h4 Qb7 19. Bf3 Qb6 20. h5 gxh5 21. Qc2 g6 22. d5 exd5 23. Bxd5 Nf8 24. Qe4 Ne6 25. Ba5 Qxa5 26. Bxe6 Rd8 27. Qc6+ Kf8 28. Rdf1 f6 29. Bb3 1-0

[Event "17th Spilimbergo Open 2019"]
[Site "Spilimbergo"]
[Date "2019.08.15"]
[Round "9.9"]
[White "Petrov, Martin"]
[Black "Nikolovski, Nikola"]
[Result "1-0"]
[WhiteElo "2477"]
[BlackElo "2409"]
[PlyCount "63"]
[EventDate "2019.08.09"]
[EventType "swiss"]
[EventCountry "ITA"]
[TimeControl "5400+30"]
[WhiteClock "0:05:25"]
[BlackClock "0:55:00"]

1. e4 c5 2. Nf3 d6 3. d4 cxd4 4. Nxd4 Nf6 5. Nc3 g6 6. Be3 Bg7 7. f3 a6 8. Qd2 Nbd7 9. g4 b5 10. h4 h5 11. g5 Nh7 12. f4 Bb7 13. f5 Nhf8 14. O-O-O Nb6 15. f6 exf6 16. Ndxb5 axb5 17. Bxb5+ Ke7 18. Bf4 fxg5 19. Bxd6+ Ke6 20. Qe3 Nfd7 21. Bc5 Be5 22. hxg5 Qb8 23. Rxd7 Re8 24. Qh3+ f5 25. Bxb6 Ba6 26. exf5+ gxf5 27. Qxh5 Bxc3 28. Qf7+ Ke5 29. Rd5+ Kf4 30. Qxf5+ Kg3 31. Rh3+ Kg2 32. Qf3# 1-0

[Event "17th Spilimbergo Open 2019"]
[Site "Spilimbergo"]
[Date "2019.08.15"]
[Round "9.10"]
[White "Ankit, R. Rajpara"]
[Black "Loiacono, Leonardo"]
[Result "1-0"]
[WhiteElo "2454"]
[BlackElo "2249"]
[PlyCount "79"]
[EventDate "2019.08.09"]
[EventType "swiss"]
[EventCountry "ITA"]
[TimeControl "5400+30"]
[WhiteClock "0:34:00"]
[BlackClock "0:09:11"]

1. d4 d5 2. c4 c6 3. Nc3 Nf6 4. cxd5 cxd5 5. Bf4 Nc6 6. e3 Bg4 7. Qb3 Na5 8. Qa4+ Bd7 9. Qd1 e6 10. Nf3 Bb4 11. Bd3 Rc8 12. Rc1 Nc4 13. Qe2 Qa5 14. O-O O-O 15. Bxc4 Rxc4 16. Ne5 Rcc8 17. Nxd7 Nxd7 18. Qb5 Qxb5 19. Nxb5 a6 20. Bd6 axb5 21. Bxf8 Rxf8 22. Rc7 Rd8 23. Rxb7 Kf8 24. Rxb5 Bd6 25. Rc1 Ra8 26. Rb7 Ke7 27. a3 f6 28. Kf1 e5 29. Ke2 g5 30. g4 exd4 31. exd4 Bf4 32. Rc3 h6 33. b4 Ke6 34. h3 Kd6 35. b5 Ke6 36. b6 Kd6 37. Rbc7 Ke7 38. Ra7 Rb8 39. Rc6 Kd8 40. Rcc7 1-0

[Event "17th Spilimbergo Open 2019"]
[Site "Spilimbergo"]
[Date "2019.08.15"]
[Round "9.11"]
[White "Collutiis, Duilio"]
[Black "Moroni, Luca Jr"]
[Result "0-1"]
[WhiteElo "2402"]
[BlackElo "2572"]
[PlyCount "62"]
[EventDate "2019.08.09"]
[EventType "swiss"]
[EventCountry "ITA"]
[TimeControl "5400+30"]
[WhiteClock "0:22:00"]
[BlackClock "0:04:19"]

1. c4 e6 2. Nf3 d5 3. g3 Nf6 4. Bg2 d4 5. O-O c5 6. e3 Nc6 7. exd4 cxd4 8. d3 h6 9. Na3 Bc5 10. Nc2 O-O 11. Re1 Nd7 12. a3 a5 13. b3 e5 14. Bd2 Re8 15. b4 Bd6 16. Nh4 Nf6 17. f4 exf4 18. gxf4 Rxe1+ 19. Qxe1 axb4 20. axb4 Rxa1 21. Qxa1 Nh5 22. b5 Qxh4 23. bxc6 bxc6 24. Qa8 Qg4 25. h3 Qd1+ 26. Be1 Qxc2 27. Qxc8+ Bf8 28. Qg4 Qc1 29. Qxh5 Qxe1+ 30. Kh2 Bd6 31. Qf5 g5 0-1